 Dungeon Crawl Stone Soup version 0.26.1-11-gd32895ea62 (webtiles) character file.

Game seed: 7642297021026627354

2618 Almogavar the Firebug (level 9, 0/68 HPs)
             Began as a Hill Orc Fire Elementalist on May 15, 2021.
             Was a Believer of Makhleb.
             Slain by a komodo dragon (30 damage)
             ... on level 8 of the Dungeon.
             The game lasted 00:31:44 (8501 turns).

Almogavar the Firebug (Hill Orc Fire Elementalist)  Turns: 8501, Time: 00:31:45

Health: 0/68       AC:  5    Str: 12    XL:     9   Next: 60%
Magic:  11/16      EV: 17    Int: 23    God:    Makhleb [**....]
Gold:   440        SH:  0    Dex: 11    Spells: 14/18 levels left

rFire    . . .     SeeInvis .   E - +4 hand axe
rCold    . . .     Faith    .   (no shield)
rNeg     + . .     Spirit   .   i - +2 robe {rN+}
rPois    .         Reflect  .   (no helmet)
rElec    .         Harm     .   (no cloak)
rCorr    .         Rampage  .   (no gloves)
Will     .....                  j - +0 pair of boots
Stlth    ++........             g - amulet of regeneration
HPRegen  0.61/turn              v - +6 ring of intelligence
MPRegen  0.15/turn              q - +4 ring of evasion

@: no status effects
A: no striking features
a: Renounce Religion, Minor Destruction


You were on level 8 of the Dungeon.
You worshipped Makhleb.
Makhleb was pleased with you.
You visited 1 branch of the dungeon, and saw 8 of its levels.

You collected 440 gold pieces.

Inventory:

Hand Weapons
 E - a +4 hand axe (weapon)
Armour
 i - a +2 robe of positive energy (worn)
 j - a +0 pair of boots (worn)
 o - a +0 scale mail
 p - a +0 chain mail
 w - a +1 leather armour of willpower
 y - a +0 buckler
Magical Staves
 n - an uncursed staff of earth
Jewellery
 d - an uncursed ring of willpower
 g - an amulet of regeneration (around neck)
 q - a +4 ring of evasion (right hand)
 v - a +6 ring of intelligence (left hand)
 C - a +4 ring of evasion
Wands
 r - a wand of random effects (20)
 t - a wand of enslavement (7)
 A - a wand of flame (20)
 B - a wand of acid (8)
Scrolls
 a - a scroll of enchant weapon
 c - 2 scrolls of remove curse
 e - 2 scrolls of amnesia
 h - a scroll of fog
 l - 2 scrolls of teleportation
 s - a scroll of enchant armour {unknown}
 x - 2 scrolls of blinking
 F - a scroll of magic mapping {unknown}
Potions
 b - 3 potions of haste
 f - 3 potions of curing
 k - a potion of heal wounds
 m - 2 potions of brilliance
 u - 2 potions of flight {unknown}
 z - a potion of magic {unknown}


   Skills:
 + Level 2.9 Fighting
 + Level 4.2 Axes
 + Level 2.8 Armour
 + Level 3.1 Dodging
 + Level 2.6 Stealth
 + Level 5.2 Spellcasting
 + Level 6.0 Conjurations
 + Level 7.5 Fire Magic


You had 14 spell levels left.
You knew the following spells:

 Your Spells              Type           Power        Failure   Level
a - Foxfire               Conj/Fire      100%         1%          1
b - Conjure Flame         Conj/Fire      37%          1%          3

Your spell library contained the following spells:

 Spells                   Type           Power        Failure   Level
 Sticky Flame             Conj/Fire      37%          5%          4
 Inner Flame              Hex/Fire       23%          6%          3
 Fireball                 Conj/Fire      18%          16%         5


Dungeon Overview and Level Annotations

Branches:
Dungeon (8/15)             Temple (0/1) D:5            Lair (0/6) D:8

Altars:
Cheibriados
Dithmenos
Hepliaklqana
Makhleb
Qazlal
Trog
Vehumet
The Shining One

Shops:
D:5 (

Portals:
Abyss: D:4

Annotations:
D:4 2 transporters, Almogavar's ghost, amateur GrFi


Message History

The foxfire hits the komodo dragon but does no damage.
The komodo dragon is moderately wounded.
The komodo dragon bites you!!
Casting: Foxfire (safe; 1% risk of failure)
Confirm with . or Enter, or press ? or * to list all spells.
You conjure some foxfire!
The komodo dragon barely misses you.
The foxfire hits the komodo dragon.
The komodo dragon is moderately wounded.
The foxfire hits the komodo dragon.
The komodo dragon is moderately wounded.
The komodo dragon misses you.
Casting: Foxfire (safe; 1% risk of failure)
Confirm with . or Enter, or press ? or * to list all spells.
You conjure some foxfire!
The komodo dragon barely misses you.
The foxfire hits the komodo dragon!
The komodo dragon is heavily wounded.
The foxfire hits the komodo dragon.
The komodo dragon is severely wounded.
The komodo dragon bites you!!
You die... #.# ##...†..###### ............# ####### ......#####.###### ##PPPPP## ... ##....?.# #.PPPPPP#

## #...........# ##.PP...P#
+.....÷.....# #..P..>.P###
#...........# ##......PP#..
#.........§.####....P.PPP##.
#..........@l.....P..PPPP##.
###...........###...PPPPP#..
#...#####...# ##...PPPP#..
.. #.(.# #.....PP#.. #...#
##...PP##.. #...# ##(..####.
##### ##.## #. #.# #. #.# #.


You could see a komodo dragon.

Vanquished Creatures
  An orc warrior (D:8)
  A sky beast (D:8)
  2 ice beasts
  3 ogres
  2 phantoms
  2 centaurs (D:6)
  2 bullfrogs
  A water moccasin skeleton (D:6)
  A scorpion (D:5)
  4 wights
  A bullfrog zombie (D:5)
  A hound (D:5)
  9 orc wizards
  6 orc priests
  2 bullfrog skeletons
  2 jellies
  A centaur skeleton (D:7)
  2 iguanas
  4 worker ants
  2 hound zombies
  A howler monkey zombie (D:6)
  12 gnolls
  21 adders
  A shadow imp (D:6)
  An ooze (D:3)
  An adder zombie (D:6)
  2 worms (D:3)
  A dart slug (D:5)
  6 leopard geckos
  24 orcs
  7 ball pythons
  7 giant cockroaches
  9 goblins
  10 hobgoblins
  10 jackals
  3 quokkas
  7 bats
  7 frilled lizards
  6 kobolds
  8 rats
193 creatures vanquished.

Vanquished Creatures (others)
  653 foxfires
  6 plants (D:8)
659 creatures vanquished.

Grand Total: 852 creatures vanquished

Notes
Turn   | Place    | Note
-------+----------+-------------------------------------------
     0 | D:1      | Almogavar the Hill Orc Fire Elementalist began the quest
                  | for the Orb.
     0 | D:1      | Reached XP level 1. HP: 14/14 MP: 3/3
   118 | D:1      | Reached XP level 2. HP: 20/20 MP: 0/4
   574 | D:1      | Reached XP level 3. HP: 17/26 MP: 1/5
  1166 | D:2      | Found a hazy altar of Hepliaklqana.
  1413 | D:2      | Reached XP level 4. HP: 10/34 MP: 5/7
  1495 | D:2      | Found a bloodstained altar of Trog.
  1546 | D:2      | Found a shadowy altar of Dithmenos.
  2144 | D:3      | Reached skill level 4 in Fire Magic
  2329 | D:3      | Reached XP level 5. HP: 39/39 MP: 4/8
  2781 | D:3      | Reached skill level 1 in Axes
  2787 | D:3      | Reached skill level 1 in Armour
  2804 | D:3      | Reached XP level 6. HP: 19/46 MP: 1/9
  3181 | D:3      | Reached skill level 1 in Fighting
  3269 | D:3      | Found a glowing golden altar of the Shining One.
  3533 | D:4      | Found a transporter.
  3542 | D:4      | Noticed a small abomination
  3542 | D:4      | Noticed a small abomination
  3567 | D:4      | Identified the +7 whip "Ciot" {distort, Int+2}
  3585 | D:4      | Noticed a small abomination
  3596 | D:4      | Found a transporter.
  3609 | D:4      | Noticed Almogavar's ghost (amateur GrFi)
  3652 | D:4      | Found a one-way gate to the infinite horrors of the Abyss.
  3746 | D:4      | Reached XP level 7. HP: 21/52 MP: 6/11
  4179 | D:4      | Found a burning altar of Makhleb.
  4187 | D:4      | Became a worshipper of Makhleb the Destroyer
  4763 | D:5      | Entered Level 5 of the Dungeon
  4892 | D:5      | Reached skill level 5 in Fire Magic
  5074 | D:5      | Found a snail-covered altar of Cheibriados.
  5161 | D:5      | Reached XP level 8. HP: 55/59 MP: 6/13
  5336 | D:5      | Found a staircase to the Ecumenical Temple.
  5537 | D:5      | Found Petot's Weapon Shoppe.
  5931 | D:6      | Reached * piety under Makhleb
  5941 | D:6      | Reached skill level 6 in Fire Magic
  5987 | D:6      | Learned a level 3 spell: Conjure Flame
  6035 | D:6      | Noticed a water elemental
  6037 | D:6      | Found a stormy altar of Qazlal.
  6040 | D:6      | Noticed an air elemental
  6715 | D:6      | Reached skill level 5 in Conjurations
  6761 | D:6      | Found a burning altar of Makhleb.
  6889 | D:6      | Reached XP level 9. HP: 61/67 MP: 9/15
  6897 | D:6      | Reached skill level 7 in Fire Magic
  7075 | D:6      | Reached ** piety under Makhleb
  7233 | D:7      | Found a radiant altar of Vehumet.
  7526 | D:7      | Reached skill level 5 in Spellcasting
  8305 | D:8      | Found a staircase to the Lair.
  8306 | D:8      | Noticed a komodo dragon
  8501 | D:8      | Slain by a komodo dragon

Illustrated notes

Levels and vault maps discovered:
D:1:      minmay_arrival_glassed_features, layout_basic
D:2:      minmay_angry_zag, layout_loops_ring, old_standard_altar,
          nzn_hepliaklqana_mist_gate, grunt_dithmenos_smoke_and_mirrors
D:3:      minmay_chambers_of_twos, layout_rooms, lemuel_round_altar,
          kennysheep_generic_room_9
D:4:      layout_loops_ring, nicolae_overflow_crystal_walls,
          gammafunk_ghost_abyssal_escape, minmay_snake_closets
D:5:      layout_basic, kennysheep_slug_shrine, minmay_temple_entry_statues,
          serial_curves, eino_curves_04, eino_curves_04, serial_shops,
          kennysheep_mini
D:6:      layout_gridville, nicolae_qazlal_style_of_elements, basic_altar
D:7:      layout_rooms, lemuel_crystal_altar
D:8:      layout_basic, david_lair_shrubbed

Skill      XL: |  1  2  3  4  5  6  7  8  9 |
---------------+----------------------------+-----
Spellcasting   | 2 3 4 5 |  5.2
Conjurations   | 2 3 4 5 6 |  6.0
Fire Magic     | 4 5 6 7 |  7.5
Stealth        | 2 |  2.6
Dodging        | 2 3 |  3.1
Axes           | 1 2 3 4 |  4.2
Armour         | 1 2 |  2.8
Fighting       | 1 2 |  2.9

Action                   |  1- 3 |  4- 6 |  7- 9 || total
-------------------------+-------+-------+-------++-------
Melee: Whip              |     8 |       |       ||     8
       War axe           |    12 |    79 |    19 ||   110
       Hand axe          |       |       |    26 ||    26
 Cast: Foxfire           |    47 |    96 |   239 ||   382
  Use: Scroll            |     2 |     3 |    11 ||    16
       Potion            |       |     2 |       ||     2
 Stab: Sleeping          |       |     1 |       ||     1
Armor: Robe              |     7 |       |    15 ||    22
       Leather armour    |       |    20 |    19 ||    39
Dodge: Dodged            |    48 |   142 |   104 ||   294
